SAA
MINNESOTA LOONS @ LANCASTER FARMERS
08/01/2028
 
TOP OF THE 1ST
Minnesota Loons batting - Pitching for Lancaster Farmers : RHP Santo Velazco
Pitching: RHP Santo Velazco
Batting: RHB Jorge Echevarría 0-0: Ball
1-0: Bunted foul
1-1: Ball
2-1: Foul Ball, location: 2F
2-2: Fly out, F7 (Flyball, 7S)
Batting: SHB António Zúñiga 0-0: Called Strike
0-1: Called Strike
0-2: Strikes out looking
Batting: RHB Isuru Tanaka 0-0: Ball
1-0: Ball
2-0: Swinging Strike
2-1: Ground out 4-3 (Groundball, 4)
Top of the 1st over - 0 run(s), 0 hit(s), 0 error(s), 0 left on base; Minnesota 0 - Lancaster 0
BOTTOM OF THE 1ST
Lancaster Farmers batting - Pitching for Minnesota Loons : LHP Andrew Moody
Pitching: LHP Andrew Moody
Batting: RHB Roberto Camacho 0-0: Called Strike
0-1: Ball
1-1: Foul Ball, location: 2F
1-2: Ball
2-2: Strikes out looking
Batting: LHB Carlos Germán 0-0: Swinging Strike
0-1: Ball
1-1: Fly out, F3 (Line Drive, 34)
Batting: SHB Janghyun Sam 0-0: Ball
1-0: Swinging Strike
1-1: Ball
2-1: SINGLE (Line Drive, 8LS)
Batting: RHB Danijel van Aalten 0-0: Ball
1-0: Called Strike
1-1: Fielders Choice at 2nd, 6-4 (Groundball, 6)
Bottom of the 1st over - 0 run(s), 1 hit(s), 0 error(s), 0 left on base; Minnesota 0 - Lancaster 0
TOP OF THE 2ND
Minnesota Loons batting - Pitching for Lancaster Farmers : RHP Santo Velazco
Batting: LHB Juan Aranda 0-0: Ball
1-0: Foul Ball, location: 2F
1-1: Foul Ball, location: 2F
1-2: Ball
2-2: SOLO HOME RUN (Flyball, 89XD) (Inside the Park)
Batting: RHB Taylor Landis 0-0: Called Strike
0-1: Foul Ball, location: 2F
0-2: Ball
1-2: Strikes out looking
Batting: RHB José Mercado 0-0: Ball
1-0: Ball
2-0: Ground out 5-3 (Groundball, 56)
Batting: RHB Jorge Arreola 0-0: Ball
1-0: Foul Ball, location: 2F
1-1: Called Strike
1-2: Ball
2-2: Strikes out swinging
Top of the 2nd over - 1 run(s), 1 hit(s), 0 error(s), 0 left on base; Minnesota 1 - Lancaster 0
BOTTOM OF THE 2ND
Lancaster Farmers batting - Pitching for Minnesota Loons : LHP Andrew Moody
Batting: RHB António Gonzáles 0-0: DOUBLE (Line Drive, 78XD)
Batting: RHB James Hollingsworth 0-0: SINGLE (Line Drive, 56)
António Gonzáles to third
Runner from 3rd tries for Home, SAFE, no throw
Batting: LHB Gilberto Jiménez 0-0: Foul Ball, location: 2F
0-1: Called Strike
0-2: Ball
1-2: Foul Ball, location: 2F
1-2: Foul Ball, location: 2F
1-2: Ball
2-2: Ball
3-2: SINGLE (Groundball, 56D)
James Hollingsworth to second
Batting: SHB Alfredo Sánchez 0-0: Called Strike
0-1: Ball
1-1: Foul Ball, location: 2F
1-2: Ball
2-2: SINGLE (Groundball, 6MD)
James Hollingsworth to third
Gilberto Jiménez to second
Batting: LHB Mark Armstead 0-0: Called Strike
0-1: Ball
1-1: Ball
2-1: Ball
3-1: Base on Balls
James Hollingsworth scores
Gilberto Jiménez to third
Alfredo Sánchez to second
Batting: RHB Roberto Camacho 0-0: Called Strike
0-1: Ball
1-1: Foul Ball, location: 2F
1-2: Foul Ball, location: 2F
1-2: Ball
2-2: Foul Ball, location: 2F
2-2: Ball
3-2: Fielders Choice at 2nd, 6-4 (Groundball, 6D)
Gilberto Jiménez scores
Alfredo Sánchez to third
Batting: LHB Carlos Germán 0-0: Called Strike
0-1: Ball
1-1: Ball
2-1: Called Strike
2-2: Strikes out swinging
Batting: SHB Janghyun Sam 0-0: Called Strike
0-1: Ball
1-1: Ball
2-1: Foul Ball, location: 2F
2-2: Foul Ball, location: 2F
2-2: Ball
3-2: Base on Balls
Roberto Camacho to second
Batting: RHB Danijel van Aalten 0-0: Foul Ball, location: 2F
0-1: Ball
1-1: Ball
2-1: Ball
3-1: Base on Balls
Alfredo Sánchez scores
Roberto Camacho to third
Janghyun Sam to second
Batting: RHB António Gonzáles 0-0: Ball
1-0: Ball
2-0: Foul Ball, location: 2F
2-1: GRAND SLAM HOME RUN (Flyball, 8RXD), Distance : 448 ft
Pitching: RHP Texidor Garbajosa
Batting: RHB James Hollingsworth 0-0: Ball
1-0: Called Strike
1-1: Foul Ball, location: 2F
1-2: Ball
2-2: Strikes out swinging
Bottom of the 2nd over - 8 run(s), 5 hit(s), 0 error(s), 0 left on base; Minnesota 1 - Lancaster 8
TOP OF THE 3RD
Minnesota Loons batting - Pitching for Lancaster Farmers : RHP Santo Velazco
Batting: SHB Chavo Guerrero, Jr. 0-0: Foul Ball, location: 2F
0-1: Ball
1-1: Foul Ball, location: 2F
1-2: Ball
2-2: Ball
3-2: Base on Balls
Batting: RHB Randolph Descoteaux 0-0: Ball
1-0: Swinging Strike
1-1: Foul Ball, location: 2F
1-2: Ball
2-2: Fly out, F8 (Flyball, 8LM)
Batting: RHB Jorge Echevarría 0-0: Foul Ball, location: 2F
0-1: Ball
1-1: Called Strike
1-2: Strikes out looking
Batting: SHB António Zúñiga 0-0: Ball
1-0: Ball
2-0: Foul Ball, location: 2F
2-1: Ball
3-1: Called Strike
3-2: Strikes out swinging
Top of the 3rd over - 0 run(s), 0 hit(s), 0 error(s), 1 left on base; Minnesota 1 - Lancaster 8
BOTTOM OF THE 3RD
Lancaster Farmers batting - Pitching for Minnesota Loons : RHP Texidor Garbajosa
Batting: LHB Gilberto Jiménez 0-0: Foul Ball, location: 2F
0-1: Ball
1-1: Hit by Pitch
Batting: SHB Alfredo Sánchez 0-0: Ball
1-0: Ball
2-0: Ball
3-0: Base on Balls
Gilberto Jiménez to second
Batting: LHB Mark Armstead 0-0: Called Strike
0-1: Called Strike
0-2: Foul Ball, location: 2F
0-2: SINGLE (Line Drive, 8LS)
Gilberto Jiménez to third
Alfredo Sánchez to second
Batting: RHB Roberto Camacho 0-0: Swinging Strike
0-1: Fielders Choice at 2nd, 6-4 (Groundball, 6)
Gilberto Jiménez scores
Alfredo Sánchez to third
Batting: LHB Carlos Germán 0-0: Called Strike
Roberto Camacho steals 2nd base
0-1: DOUBLE (Line Drive, 7LM)
Alfredo Sánchez scores
Roberto Camacho scores
Batting: SHB Janghyun Sam 0-0: Foul Ball, location: 2F
0-1: Called Strike
Carlos Germán steals 3rd base
0-2: SINGLE (Line Drive, 4)
Carlos Germán scores
Pitching: LHP Bennett Garland
Batting: RHB Danijel van Aalten 0-0: Ball
1-0: SINGLE (Flyball, 78S)
Janghyun Sam to second
Batting: RHB António Gonzáles 0-0: Foul Ball, location: 2F
0-1: Fly out, F5 (Popup, 5L)
Batting: RHB James Hollingsworth 0-0: Ball
1-0: Ground out 5-3 (Groundball, 25)
Bottom of the 3rd over - 4 run(s), 4 hit(s), 0 error(s), 2 left on base; Minnesota 1 - Lancaster 12
TOP OF THE 4TH
Minnesota Loons batting - Pitching for Lancaster Farmers : RHP Santo Velazco
Batting: RHB Isuru Tanaka 0-0: Ball
1-0: Called Strike
1-1: SINGLE (Flyball, 8LS)
Batting: LHB Juan Aranda 0-0: Ball
1-0: Called Strike
1-1: Ball
2-1: Foul Ball, location: 2F
2-2: SINGLE (Line Drive, 6D)
Isuru Tanaka to second
Batting: RHB Taylor Landis 0-0: Ball
1-0: Ball
2-0: Foul Ball, location: 2F
2-1: Foul Ball, location: 2F
2-2: Foul Ball, location: 2F
2-2: SINGLE (Line Drive, 6M)
Isuru Tanaka to third
Juan Aranda to second
Runner from 3rd tries for Home, SAFE, no throw
Batting: RHB José Mercado 0-0: Ball
1-0: Grounds into double play, 2-6-3 (Groundball, 2R)
Juan Aranda to third
Batting: RHB Jorge Arreola 0-0: Ball
1-0: Reached via error on a dropped throw, E3
Juan Aranda scores
Batting: SHB Chavo Guerrero, Jr. 0-0: Called Strike
0-1: Ball
1-1: TRIPLE (Flyball, 8RXD)
Jorge Arreola scores
Batting: RHB Randolph Descoteaux 0-0: Ball
1-0: Reached on error, E6 (Groundball, 56)
Chavo Guerrero, Jr. scores
Batting: RHB Jorge Echevarría 0-0: Ball
1-0: Foul Ball, location: 2F
1-1: Swinging Strike
1-2: Ball
Wild Pitch!
Randolph Descoteaux to third
2-2: Fly out, F6 (Popup, 56D)
Top of the 4th over - 4 run(s), 4 hit(s), 2 error(s), 1 left on base; Minnesota 5 - Lancaster 12
BOTTOM OF THE 4TH
Lancaster Farmers batting - Pitching for Minnesota Loons : LHP Bennett Garland
Batting: LHB Gilberto Jiménez 0-0: Called Strike
0-1: Swinging Strike
0-2: Strikes out swinging
Batting: SHB Alfredo Sánchez 0-0: Ball
1-0: Swinging Strike
1-1: Foul Ball, location: 2F
1-2: Ball
2-2: Ball
3-2: DOUBLE (Line Drive, 9LM)
Batting: LHB Mark Armstead 0-0: Called Strike
0-1: Ground out 5-3 (Groundball, 56S)
Alfredo Sánchez to third
Batting: RHB Roberto Camacho 0-0: Called Strike
0-1: Swinging Strike
0-2: Foul Ball, location: 2F
0-2: Ball
1-2: Foul Ball, location: 2F
1-2: Strikes out swinging
Bottom of the 4th over - 0 run(s), 1 hit(s), 0 error(s), 1 left on base; Minnesota 5 - Lancaster 12
TOP OF THE 5TH
Minnesota Loons batting - Pitching for Lancaster Farmers : RHP Santo Velazco
Batting: SHB António Zúñiga 0-0: Called Strike
0-1: Called Strike
0-2: Ball
1-2: Ball
2-2: Ball
3-2: Fly out, F7 (Line Drive, 7)
Batting: RHB Isuru Tanaka 0-0: Foul Ball, location: 2F
0-1: Ball
1-1: Ground out 6-3 (Groundball, 6MS)
Batting: LHB Juan Aranda 0-0: Called Strike
0-1: Ball
1-1: Ball
2-1: Ball
3-1: SINGLE (Groundball, 34D)
Pitching: LHP Zé Leal
Batting: RHB Taylor Landis 0-0: Ball
Juan Aranda steals 2nd base
1-0: Called Strike
1-1: Ground out 6-3 (Groundball, 6)
Top of the 5th over - 0 run(s), 1 hit(s), 0 error(s), 1 left on base; Minnesota 5 - Lancaster 12
BOTTOM OF THE 5TH
Lancaster Farmers batting - Pitching for Minnesota Loons : LHP Bennett Garland
Batting: LHB Carlos Germán 0-0: Called Strike
0-1: Foul Ball, location: 2F
0-2: Foul Ball, location: 2F
0-2: Strikes out swinging
Batting: SHB Janghyun Sam 0-0: Ball
1-0: Foul Ball, location: 2F
1-1: Foul Ball, location: 2F
1-2: Ball
2-2: Strikes out looking
Batting: RHB Danijel van Aalten 0-0: Fly out, F8 (Flyball, 89S)
Bottom of the 5th over - 0 run(s), 0 hit(s), 0 error(s), 0 left on base; Minnesota 5 - Lancaster 12
TOP OF THE 6TH
Minnesota Loons batting - Pitching for Lancaster Farmers : LHP Zé Leal
Batting: RHB José Mercado 0-0: Called Strike
0-1: Ball
1-1: Ball
2-1: Foul Ball, location: 2F
2-2: Ball
3-2: Fly out, F2 (Popup, 25)
Batting: RHB Jorge Arreola 0-0: Ball
1-0: Foul Ball, location: 2F
1-1: Called Strike
1-2: Ball
2-2: Ball
3-2: Reached on error, E6 (Groundball, 6)
Batting: SHB Chavo Guerrero, Jr. 0-0: Ground out 5-3 (Groundball, 5L)
Batting: RHB Randolph Descoteaux 0-0: Ball
1-0: Called Strike
1-1: Ball
2-1: Ball
3-1: Called Strike
3-2: Fly out, F8 (Flyball, 8RM)
Top of the 6th over - 0 run(s), 0 hit(s), 1 error(s), 1 left on base; Minnesota 5 - Lancaster 12
BOTTOM OF THE 6TH
Lancaster Farmers batting - Pitching for Minnesota Loons : LHP Bennett Garland
Batting: RHB António Gonzáles 0-0: Ball
1-0: Swinging Strike
1-1: Foul Ball, location: 2F
1-2: Ball
2-2: Foul Ball, location: 2F
2-2: SINGLE (Groundball, 6MD)
Batting: RHB James Hollingsworth 0-0: Called Strike
0-1: Ball
1-1: Ball
Wild Pitch!
António Gonzáles to second
2-1: Foul Ball, location: 2F
2-2: Ball
3-2: Fly out, F9 (Flyball, 89D)
Runner from 2nd tags up, SAFE at 3rd, no throw
Batting: LHB Gilberto Jiménez 0-0: Ball
1-0: Foul Ball, location: 2F
1-1: Foul Ball, location: 2F
1-2: Ball
2-2: Ball
3-2: SINGLE (Line Drive, 78S)
António Gonzáles scores
Pitching: RHP Oriol Razo
Batting: SHB Alfredo Sánchez 0-0: Ball
1-0: Called Strike
1-1: Ground out 4-3 (Groundball, 34D)
Gilberto Jiménez to second
Batting: LHB Mark Armstead 0-0: Called Strike
0-1: Called Strike
0-2: Foul Ball, location: 2F
0-2: Ball
1-2: Foul Ball, location: 2F
1-2: Ball
2-2: Foul Ball, location: 2F
2-2: Ground out U3 (Groundball, 34)
Bottom of the 6th over - 1 run(s), 2 hit(s), 0 error(s), 1 left on base; Minnesota 5 - Lancaster 13
TOP OF THE 7TH
Minnesota Loons batting - Pitching for Lancaster Farmers : LHP Zé Leal
Batting: RHB Jorge Echevarría 0-0: Ball
1-0: DOUBLE (Line Drive, 78D)
Batting: SHB António Zúñiga 0-0: Ball
1-0: Swinging Strike
1-1: Foul Ball, location: 2F
1-2: Ball
2-2: Strikes out swinging
Batting: RHB Isuru Tanaka 0-0: Called Strike
Jorge Echevarría steals 3rd base
0-1: DOUBLE (Line Drive, 78D)
Jorge Echevarría scores
Batting: LHB Juan Aranda 0-0: Called Strike
Isuru Tanaka is caught stealing 3rd base
0-1: Foul Ball, location: 2F
0-2: SINGLE (Line Drive, 6MD)
Batting: RHB Taylor Landis 0-0: Ball
1-0: Called Strike
1-1: SINGLE (Groundball, 6MD)
Juan Aranda to second
Batting: RHB José Mercado 0-0: Ball
1-0: Called Strike
1-1: Ball
2-1: DOUBLE (Line Drive, 8LXD)
Juan Aranda scores
Taylor Landis to third
Runner from 3rd tries for Home, SAFE, no throw
Pitching: LHP Enrique Martir
Batting: RHB Jorge Arreola 0-0: Ball
1-0: Ball
2-0: Called Strike
2-1: Called Strike
2-2: Ground out 6-3 (Groundball, 6M)
Top of the 7th over - 3 run(s), 5 hit(s), 0 error(s), 1 left on base; Minnesota 8 - Lancaster 13
BOTTOM OF THE 7TH
Lancaster Farmers batting - Pitching for Minnesota Loons : RHP Oriol Razo
Batting: RHB Roberto Camacho 0-0: Ground out 4-3 (Groundball, 4)
Batting: LHB Carlos Germán 0-0: Ball
1-0: Called Strike
1-1: Swinging Strike
1-2: Foul Ball, location: 2F
1-2: Ball
2-2: Ball
3-2: Foul Ball, location: 2F
3-2: Base on Balls
Batting: SHB Janghyun Sam 0-0: SINGLE (Groundball, 3D)
Carlos Germán to second
Runner from 2nd tries for 3rd, SAFE, no throw
Batting: RHB Danijel van Aalten 0-0: Called Strike
Janghyun Sam steals 2nd base
0-1: Swinging Strike
0-2: Fly out, F6 (Popup, 6D)
Batting: RHB António Gonzáles 0-0: Fly out, F8 (Flyball, 8RD)
Bottom of the 7th over - 0 run(s), 1 hit(s), 0 error(s), 2 left on base; Minnesota 8 - Lancaster 13
TOP OF THE 8TH
Minnesota Loons batting - Pitching for Lancaster Farmers : LHP Enrique Martir
Batting: SHB Chavo Guerrero, Jr. 0-0: SINGLE (Line Drive, 89S)
Batting: RHB Randolph Descoteaux Pickoff Throw to First - Out!
0-0: Ball
1-0: Ball
2-0: Swinging Strike
2-1: Foul Ball, location: 2F
2-2: Foul Ball, location: 2F
2-2: Foul Ball, location: 2F
2-2: Foul Ball, location: 2F
2-2: Strikes out swinging, 2-3 out at first.
Batting: RHB Jorge Echevarría 0-0: Foul Ball, location: 2F
0-1: SINGLE (Flyball, 78S)
Batting: SHB António Zúñiga 0-0: Ball
Wild Pitch!
Jorge Echevarría to second
1-0: Ball
2-0: Ground out 1-3 (Groundball, 15S)
Top of the 8th over - 0 run(s), 2 hit(s), 0 error(s), 1 left on base; Minnesota 8 - Lancaster 13
BOTTOM OF THE 8TH
Lancaster Farmers batting - Pitching for Minnesota Loons : RHP Oriol Razo
Batting: RHB James Hollingsworth 0-0: Called Strike
0-1: Foul Ball, location: 2F
0-2: Strikes out swinging
Batting: LHB Gilberto Jiménez 0-0: Ball
1-0: Ball
2-0: Ball
3-0: Base on Balls
Batting: SHB Alfredo Sánchez 0-0: Ball
1-0: Ball
2-0: Ground out 3-1 (Groundball, 34S)
Gilberto Jiménez to second
Batting: LHB Mark Armstead 0-0: Ball
1-0: Ball
2-0: Called Strike
2-1: Called Strike
2-2: Ball
3-2: Foul Ball, location: 2F
3-2: Ground out 1-3 (Groundball, P)
Bottom of the 8th over - 0 run(s), 0 hit(s), 0 error(s), 1 left on base; Minnesota 8 - Lancaster 13
TOP OF THE 9TH
Minnesota Loons batting - Pitching for Lancaster Farmers : LHP Enrique Martir
Pitching: RHP Raúl Nieto
Now at 3B: Pancho Farías
Batting: RHB Isuru Tanaka 0-0: Foul Ball, location: 2F
0-1: Ball
1-1: Foul Ball, location: 2F
1-2: Foul Ball, location: 2F
1-2: Foul Ball, location: 2F
1-2: Ball
2-2: SINGLE (Line Drive, 6)
Batting: LHB Juan Aranda 0-0: Called Strike
0-1: Ball
1-1: Ball
2-1: Ball
3-1: Foul Ball, location: 2F
3-2: Base on Balls
Isuru Tanaka to second
Batting: RHB Taylor Landis 0-0: Ball
1-0: Swinging Strike
1-1: Ball
2-1: Swinging Strike
2-2: SINGLE (Line Drive, 89M)
Isuru Tanaka to third
Juan Aranda to second
Runner from 3rd tries for Home, SAFE, no throw
Batting: RHB José Mercado 0-0: Ball
1-0: Ground out 5-3 (Groundball, 56S)
Juan Aranda to third
Taylor Landis to second
Batting: RHB Jorge Arreola 0-0: Ball
1-0: Ball
2-0: Called Strike
2-1: Ground out 4-3 (Groundball, 4)
Juan Aranda scores
Taylor Landis to third
Batting: SHB Chavo Guerrero, Jr. 0-0: Called Strike
0-1: Ball
1-1: Foul Ball, location: 2F
1-2: Ball
2-2: Ground out 6-3 (Groundball, 6)
Top of the 9th over - 2 run(s), 2 hit(s), 0 error(s), 1 left on base; Minnesota 10 - Lancaster 13
Monday, August 21st, 2017 - OOTP Baseball 17.12 Build 75